 Dungeon Crawl Stone Soup version 0.30-a0-862-g1aabd4f9c5 (webtiles) character file.

Game seed: 15217157643605661879

321 cforsyth the Magician (level 6, -5/32 HPs)
             Began as a Deep Elf Earth Elementalist on Mar 9, 2023.
             Was an Initiate of Vehumet.
             Slain by Grinder (11 damage)
             ... on level 4 of the Dungeon.
             The game lasted 00:04:00 (3963 turns).

cforsyth the Magician (Deep Elf Earth Elementalist) Turns: 3963, Time: 00:04:01

Health: -5/32      AC: -1    Str:  5    XL:     6   Next: 22%
Magic:  13/17      EV: 12    Int: 22    God:    Vehumet [......]
Gold:   226        SH:  0    Dex: 15    Spells: 17/18 levels left

rFire   + . .      SeeInvis .    (no weapon)
rCold   + . .      Faith    .    (no shield)
rNeg    . . .      Spirit   .    a - +0 robe
rPois   .          Reflect  .    (no helmet)
rElec   .          Rampage  .    q - scarf {rC+ rF+}
rCorr   .                        p - +0 pair of gloves
Will    .....                    (no boots)
Stlth   ++                       (no amulet)
HPRegen 0.25/turn                (no ring)
MPRegen 0.15/turn                (no ring)

@: brilliant, corroded
A: no striking features
a: Renounce Religion


You were on level 4 of the Dungeon.
You worshipped Vehumet.
Vehumet was noncommittal.
You visited 1 branch of the dungeon, and saw 4 of its levels.

You collected 226 gold pieces.

Inventory:

Armour
 a - a +0 robe (worn)
 p - a +0 pair of gloves (worn)
 q - a scarf of resistance (worn)
Jewellery
 i - a ring of ice
Wands
 m - a wand of mindburst (17)
 n - a wand of roots (11)
Scrolls
 c - 2 scrolls of fear {unknown}
 d - 5 scrolls of identify {unknown}
 f - 5 scrolls of teleportation {unknown}
 g - a scroll of acquirement {unknown}
 h - a scroll of fog {unknown}
 k - a scroll of enchant armour {unknown}
 l - a scroll of blinking {unknown}
 t - a scroll of amnesia {unknown}
Potions
 b - a potion of magic
 e - a potion of haste
 j - a potion of brilliance
 o - a potion of heal wounds {unknown}
 r - a potion of resistance {unknown}
 s - a potion of invisibility {unknown}
 u - a potion of degeneration {unknown}


   Skills:
 - Level 2.4 Dodging
 - Level 2.4 Stealth
 + Level 6.6 Spellcasting
 - Level 1.1 Transmutations
 + Level 5.9 Earth Magic


You had 17 spell levels left.
You knew the following spells:

 Your Spells              Type           Power      Damage    Failure   Level
a - Sandblast             Erth           100%       2d20      1%          1

Your spell library contained the following spells:

 Spells                   Type           Power      Damage    Failure   Level
 Passwall                 Tmut/Erth      28%        N/A       3%          2
 Stone Arrow              Conj/Erth      60%        3d10      8%          3
 Kiss of Death            Conj/Necr      40%        2d8       9%          1
 Petrify                  Tmut/Erth      34%        N/A       21%         4
 Lee's Rapid Deconstruct  Erth           25%        3d14*     21%         5
 Confusing Touch          Hex            10%        N/A       26%         3
 Frozen Ramparts          Ice            20%        1d4       26%         3
 Kindle Blastsparks       Fire/Tloc/Air  20%        2d11      26%         3
 Ice Form                 Ice/Tmut       14%        N/A       56%         4
 Borgnjor's Vile Clutch   Necr/Erth      15%        N/A       56%         5
 Animate Dead             Necr           10%        N/A       65%         4
 Dispel Undead            Necr           10%        3d9       65%         4
 Fulminant Prism          Conj/Hex       5%         3d7       65%         4
 Iskenderun's Mystic Bla  Conj/Tloc      10%        2d4       65%         4
 Summon Ice Beast         Ice/Summ       10%        N/A       65%         4
 Death Channel            Necr           5%         N/A       100%        6


Dungeon Overview and Level Annotations

Branches:
Dungeon (4/15)
 Temple: D:4-7

Altars:
Trog
Vehumet

Annotations:
D:4 Grinder


Message History

A jelly comes into view.
Grinder shouts!
The jelly quivers.
Grinder gestures at you. Pain shoots through your body!
The blast of sand hits Grinder.
Grinder is lightly wounded.
A ball python comes into view.
The blast of sand hits Grinder!
Grinder is moderately wounded.
The ball python hisses angrily.
The blast of sand hits Grinder!
Grinder is severely wounded.
Grinder gestures at you.
You struggle to resist.
The blast of sand hits Grinder!
Grinder is almost dead.
Grinder hits you.
You writhe in agony.
The jelly hits you. The acid corrodes you!
You are splashed with acid!
Grinder gestures at you.
You struggle to resist.
Casting: Sandblast (safe; 1% risk of failure)
Confirm with . or Enter, or press ? or * to list all spells.
Aiming: Sandblast (safe; 1% risk of failure)
Press: ? - help, Shift-Dir - straight line, f/p - Grinder
Aim: Grinder (almost dead, 82% to hit)
The blast of sand hits Grinder.
Grinder is almost dead.
The jelly closely misses you.
Grinder says, "Mostly I couldn't keep them alive."
Grinder hits you.
* * * LOW HITPOINT WARNING * * *
You writhe in agony.
* * * LOW HITPOINT WARNING * * *
Okay, then.
Unknown command.
It was a potion of brilliance.
You feel clever all of a sudden. Grinder hits you!
You die...

######## #......###
##...S....#
#.?..5@._.##
#....J.....#
#.....8....#
#..?.......####
#..._.........####
.................>#
.#.#.........#.##.#####
#.##.#...#....##.....#
..#<..+....##.###.#


You could see Grinder, a jelly and a ball python.

Vanquished Creatures
  2 jellies (D:2)
  A sleepcap (D:4)
  An iguana (D:4)
  7 gnolls
  4 adders
  An ufetubus (D:4)
  2 worms (D:2)
  3 dart slugs
  2 orcs
  7 ball pythons
  14 endoplasms
  2 giant cockroaches
  3 goblins
  2 hobgoblins
  9 jackals
  2 quokkas
  3 bats (D:1)
  2 frilled lizards (D:3)
  17 kobolds
  4 rats
88 creatures vanquished.

Vanquished Creatures (others)
  5 fungi (D:2)
  7 toadstools (D:2)
12 creatures vanquished.

Grand Total: 100 creatures vanquished

Notes
Turn   | Place    | Note
-------+----------+-------------------------------------------
     0 | D:1      | cforsyth the Deep Elf Earth Elementalist began the quest
                  | for the Orb.
     0 | D:1      | Reached XP level 1. HP: 10/10 MP: 6/6
   443 | D:1      | Reached XP level 2. HP: 15/15 MP: 5/8
  1425 | D:2      | Reached skill level 4 in Spellcasting
  1425 | D:2      | Reached XP level 3. HP: 9/19 MP: 5/10
  1849 | D:2      | Reached XP level 4. HP: 24/24 MP: 7/12
  1852 | D:2      | Reached skill level 5 in Spellcasting
  1985 | D:2      | Reached skill level 5 in Earth Magic
  1988 | D:2      | Reached XP level 5. HP: 28/28 MP: 9/14
  2842 | D:3      | Reached skill level 6 in Spellcasting
  3539 | D:4      | Reached XP level 6. HP: 32/32 MP: 12/17
  3946 | D:4      | Found a bloodstained altar of Trog.
  3946 | D:4      | Found a radiant altar of Vehumet.
  3948 | D:4      | Noticed Grinder
  3955 | D:4      | Became a worshipper of Vehumet
  3963 | D:4      | Slain by Grinder

Illustrated notes

Levels and vault maps discovered:
D:1:      evilmike_arrival_rings, layout_basic
D:2:      cheibrodos_fertilizer, layout_loops_corners
D:3:      layout_basic
D:4:      layout_basic, grunt_temple_overflow_open, uniq_grinder

Skill      XL: |  1  2  3  4  5 |
---------------+----------------+-----
Spellcasting   | 4 5 6 |  6.6
Earth Magic    | 4 5 |  5.9
Dodging        | |  2.4
Stealth        | |  2.4
Transmutations | |  1.1

Action                     |  1- 3 |  4- 6 || total
---------------------------+-------+-------++-------
  Melee: Unarmed           |     1 |       ||     1
   Cast: Sandblast         |    48 |    82 ||   130
    Use: Potion            |       |     1 ||     1
 Armour: Robe              |     2 |     5 ||     7
  Dodge: Dodged            |     4 |    15 ||    19

Table legend: (Time is in decaauts)
 A = Elapsed time spent in this place.
 B = Non-inter-level travel time spent in this place.
 C = Inter-level travel time spent in this place.
 D = Time resting spent in this place.
 E = Time spent auto-exploring this place.
 F = Levels seen in this place.
 G = Mean time per level.
                   A        B        C        D        E       F      G
               +--------+--------+--------+--------+--------+-----+--------+
         Total |   4028 |   3786 |    242 |      0 |   3344 |   4 | 1007.0 |
       Dungeon |   4028 |   3786 |    242 |      0 |   3344 |   4 | 1007.0 |
               +--------+--------+--------+--------+--------+-----+--------+

Top non-repeatable levels by time:
     D:2: 1464 daAuts
     D:1: 1249 daAuts
     D:3: 838 daAuts
     D:4: 476 daAuts
